 Dungeon Crawl Stone Soup version 0.23.0 (webtiles) character file.

Game seed: 349181522401412584

84 Borgoz the Chopper (level 4, -4/42 HPs)
             Began as a Gargoyle Gladiator on Feb 9, 2019.
             Killed by divine providence
             ... invoked by an orc priest
              (13 damage)
             ... on level 3 of the Dungeon.
             The game lasted 00:02:39 (1592 turns).

Borgoz the Chopper (Gargoyle Gladiator)             Turns: 1592, Time: 00:02:40

Health: -4/42      AC: 22    Str: 17    XL:     4   Next: 46%
Magic:  4/4        EV:  2    Int:  9    God:
Gold:   128        SH:  0    Dex: 12    Spells: 3/3 levels left

rFire    . . .     SeeInvis .   a - +0 war axe
rCold    . . .     Gourm    .   (no shield)
rNeg     + + +     Faith    .   (armour currently unavailable)
rPois    ∞         Spirit   .   (helmet currently unavailable)
rElec    .         Reflect  .   (cloak currently unavailable)
rCorr    .         Harm     .   (gloves currently unavailable)
MR       .....     NoTele   +   (boots currently unavailable)
Stlth    +.........             (no amulet)
HPRegen  0.14/turn              (no ring)
MPRegen  0.09/turn              (no ring)

@: tree-form
A: negative energy resistance 1, petrification resistance, rot immunity, AC +3
a: no special abilities


You were on level 3 of the Dungeon.
You were hungry.
You were a tree.
You visited 1 branch of the dungeon, and saw 3 of its levels.

You collected 128 gold pieces.

Inventory:

Hand Weapons
 a - a +0 war axe (weapon)
Missiles
 d - 3 throwing nets (quivered)
Armour
 c - a +0 helmet (melded)
 m - a +0 ring mail (melded)
Scrolls
 b - a scroll of blinking
 h - a scroll of immolation
 o - a scroll of amnesia
 p - a scroll of remove curse
Potions
 e - 2 potions of flight
 i - a potion of agility {unknown}
 j - a potion of degeneration {unknown}
 l - a potion of cancellation {unknown}
Comestibles
 f - 8 rations


   Skills:
 + Level 3.1 Fighting
 + Level 3.2 Axes
 - Level 1.7 Throwing
 + Level 2.0 Armour
 + Level 2.9 Dodging


You had 3 spell levels left.
You didn't know any spells.
Your spell library was empty.

Dungeon Overview and Level Annotations

Branches:
Dungeon (3/15)

Altars:
Gozag

Shops:
D:2 *


Innate Abilities, Weirdness & Mutations

You are resistant to torment.
((Your stone body is resilient. (AC +3)))
You are immune to poison.
You resist negative energy. (rN+)
((You are resistant to electric shocks. (rElec)))
((You can survive without breathing.))
You are immune to petrification.
You are immune to rotting.


Message History

You hit the orc priest but do no damage.
You hit the orc.
You kill the orc!
You closely miss the orc. x2; The orc hits you but does no damage. x2
The orc priest hits you but does no damage.
You hit the orc priest.
The orc priest is moderately wounded.
You slash the orc!
You kill the orc!
You hit the orc but do no damage. The orc hits you but does no damage.
The orc priest hits you but does no damage.
The orc barely misses you.
You barely miss the orc priest.
The orc priest is moderately wounded.
You slash the orc!
You kill the orc!
You closely miss the rat. The rat bites you but does no damage.
The orc priest invokes the aid of Beogh against you.
Beogh smites you!
You die...

####.......#
###...###.##)# ...
......+.#.##.# .(.
###...#.#.##.# ...
..'..........####.###
###................. .
[..............##.###...
.####..........#)o......
.# #).....)....♣†......
.# #.........##)r......
#####.........#.........
..........#####....##...
########### #....# ##
#....# #....# #....#


You could see an orc priest and a rat.

Vanquished Creatures
  An adder (D:2)
  An ooze (D:2)
  A worm (D:2)
  2 dart slugs (D:1)
  2 leopard geckos
  3 orcs (D:3)
  5 giant cockroaches
  9 goblins
  4 hobgoblins
  2 jackals (D:3)
  8 bats
  13 kobolds
  8 rats
59 creatures vanquished.

Notes
Turn   | Place    | Note
-------+----------+-------------------------------------------
     0 | D:1      | Borgoz the Gargoyle Gladiator began the quest for the Orb.
     0 | D:1      | Reached XP level 1. HP: 12/12 MP: 1/1
   240 | D:1      | Reached XP level 2. HP: 18/18 MP: 2/2
   453 | D:1      | Reached skill level 1 in Armour
   689 | D:1      | Reached XP level 3. HP: 22/22 MP: 3/3
   933 | D:2      | Reached XP level 4. HP: 27/27 MP: 4/4
  1042 | D:2      | Found Gozag's Platinum Reserve.
  1042 | D:2      | Found an opulent altar of Gozag.
  1592 | D:3      | Killed from afar by an orc priest

Skill      XL: |  1  2  3  4 |
---------------+-------------+-----
Armour         | 1 2 |  2.0
Axes           | 3 |  3.2
Fighting       | 3 |  3.1
Throwing       | |  1.7
Dodging        | |  2.9

Action                   |  1- 3 |  4- 6 || total
-------------------------+-------+-------++-------
Melee: War axe           |    98 |    73 ||   171
  Use: Scroll            |       |     5 ||     5
       Potion            |       |     1 ||     1
  Eat: Chunk             |       |     2 ||     2
Armor: Leather armour    |    15 |       ||    15
       Ring mail         |    39 |    56 ||    95
       Skin              |       |    19 ||    19
Dodge: Dodged            |    80 |    59 ||   139
